 Dungeon Crawl Stone Soup version 0.25.0-26-g0c896c7088 (webtiles) character file.

Game seed: 71288618427397423

13239 Exodus22XD the Spear-Bearer (level 11, -2/84 HPs)
             Began as a Demonspawn Gladiator on July 4, 2020.
             Was an Elder of Uskayaw.
             Slain by a 13-headed hydra (6 damage)
             ... on level 2 of the Lair of Beasts.
             The game lasted 00:19:47 (13924 turns).

Exodus22XD the Spear-Bearer (Demonspawn Gladiator) Turns: 13924, Time: 00:19:50

Health: -2/84      AC: 23    Str: 17    XL:     11   Next: 73%
Magic:  0/17       EV:  8    Int: 10    God:    Uskayaw [****..]
Gold:   704        SH:  0    Dex: 15    Spells: 10/10 levels left

rFire    + . .     SeeInvis +   e - +4 halberd (freeze)
rCold    . . .     Gourm    .   (shield currently unavailable)
rNeg     . . .     Faith    .   Q - +0 plate armour {rF+}
rPois    .         Spirit   +   L - +2 helmet
rElec    .         Reflect  .   (no cloak)
rCorr    .         Harm     .   (no gloves)
MR       .....                  n - +0 pair of boots
Stlth    ..........             (no amulet)
HPRegen  0.24/turn              o - ring of see invisible
MPRegen  0.30/turn              B - +4 ring of protection

@: no status effects
A: thin metallic scales 1, magic shield, magic regeneration, rot immunity
a: Stomp, Line Pass, Renounce Religion


You were on level 2 of the Lair of Beasts.
You worshipped Uskayaw.
Uskayaw was aware of your devotion.
You were not hungry.

You visited 2 branches of the dungeon, and saw 12 of its levels.

You collected 770 gold pieces.
You spent 66 gold pieces at shops.

Inventory:

Hand Weapons
 a - a +0 trident
 e - a +4 halberd of freezing (weapon)
Missiles
 d - 5 throwing nets (quivered)
Armour
 h - a +0 kite shield
 n - a +0 pair of boots (worn)
 D - a +0 crystal plate armour
 L - a +2 helmet (worn)
 Q - a +0 plate armour of fire resistance (worn)
Jewellery
 o - a ring of see invisible (left hand)
 r - an uncursed ring of resist corrosion
 w - an uncursed ring of flight
 A - an uncursed ring of ice {unknown}
 B - a +4 ring of protection (right hand)
Wands
 c - a wand of random effects (12)
 l - a wand of enslavement (12)
 y - a wand of disintegration (34)
 C - a wand of acid (8)
 M - a wand of iceblast (27)
Scrolls
 b - 3 scrolls of fog
 g - 3 scrolls of blinking
 i - 5 scrolls of remove curse
 j - 4 scrolls of teleportation
 p - 4 scrolls of amnesia
 t - 5 scrolls of enchant armour
 v - a scroll of random uselessness {unknown}
 x - 3 scrolls of enchant weapon
 E - a scroll of silence {unknown}
 F - 3 scrolls of magic mapping {unknown}
 G - 3 scrolls of fear {unknown}
Potions
 k - 5 potions of stabbing
 m - 12 potions of curing
 q - a potion of brilliance {unknown}
 s - a potion of degeneration {unknown}
 u - 2 potions of heal wounds {unknown}
 z - 2 potions of lignification {unknown}
 H - 2 potions of mutation {unknown}
 I - a potion of haste {unknown}
 J - 2 potions of invisibility {unknown}
 K - a potion of berserk rage {unknown}
 O - a potion of magic {unknown}
Comestibles
 f - 27 rations
 N - 5 chunks of flesh


   Skills:
 + Level 7.6 Fighting
 + Level 11.3 Polearms
 - Level 1.7 Throwing
 + Level 6.8 Armour
 + Level 5.5 Dodging
 + Level 5.2 Stealth
 * Level 9.2 Invocations


You had 10 spell levels left.
You didn't know any spells.
Your spell library contained the following spells:

 Spells                   Type           Power        Failure   Level  Hunger
 Beastly Appendage        Tmut           #.....       100%        1    ##.....
 Sting                    Tmut/Pois      #...         100%        1    ##.....
 Summon Small Mammal      Summ           #...         100%        1    ##.....
 Call Imp                 Summ           #.......     100%        2    ###....
 Poisonous Vapours        Pois/Air       #.....       100%        2    ###....
 Sticks to Snakes         Tmut           #.......     100%        2    ###....
 Call Canine Familiar     Summ           #.......     100%        3    ####...
 Conjure Flame            Conj/Fire      #.......     100%        3    ####...
 Ignite Poison            Fire/Tmut/Pois #.......     100%        3    ####...
 Mephitic Cloud           Conj/Pois/Air  #.......     100%        3    ####...
 Spider Form              Tmut/Pois      #.........   100%        3    ####...
 Summon Guardian Golem    Hex/Summ       #.......     100%        3    ####...
 Ice Form                 Ice/Tmut       #.......     100%        4    #####..
 Olgreb's Toxic Radiance  Pois           #.......     100%        4    #####..
 Summon Ice Beast         Ice/Summ       #.......     100%        4    #####..
 Summon Lightning Spire   Summ/Air       #.......     100%        4    #####..
 Blade Hands              Tmut           #.........   100%        5    ######.
 Freezing Cloud           Conj/Ice/Air   #.........   100%        6    #######
 Ring of Flames           Chrm/Fire      #.........   100%        7    #######


Dungeon Overview and Level Annotations

Branches:
Dungeon (10/15)            Temple (0/1) D:5            Lair (2/6) D:10
    Orc (0/2) D:9
  Swamp: Lair:2-4    Shoals: Lair:2-4     Snake: Lair:2-4    Spider: Lair:2-4

Altars:
Ashenzari
Cheibriados
Dithmenos
Fedhas
Kikubaaqudgha
Makhleb
Nemelex Xobeh
Qazlal
Trog
Uskayaw
Xom
Yredelemnul
Zin

Shops:
D:8 *   D:9 ((

Annotations:
D:10 3 runed translucent doors, brujo666's ghost, novice DsFi


Innate Abilities, Weirdness & Mutations

You are partially covered in thin metallic scales. (AC +2)
When hurt, damage is shared between your health and your magic reserves.
You regenerate magic rapidly.
You are immune to rotting.


Message History

* * * LOW HITPOINT WARNING * * *
The 12-headed hydra bites you but does no damage.
Uskayaw will force your foes to share their pain.
You barely miss the 12-headed hydra.
The 12-headed hydra is severely wounded.
Unknown command.
You chop one of the 12-headed hydra's heads off!
The 11-headed hydra grows two more!
You puncture the 13-headed hydra! You freeze the 13-headed hydra.
The 13-headed hydra is severely wounded.
The 13-headed hydra bites you.
* * * LOW HITPOINT WARNING * * *
The 13-headed hydra bites you!
* * * LOW HITPOINT WARNING * * *
The 13-headed hydra bites you!
* * * LOW HITPOINT WARNING * * *
The 13-headed hydra bites you.
* * * LOW HITPOINT WARNING * * *
The 13-headed hydra bites you!
You die...

....... # ....... #.
....... ##.#
##########........
#...##.##P#..P#........
#.....................
#.....................
#.............##......
#....@.....##.##......
##.....D...............
#.....#.######.#.......
#.#..##..##..####.###..#
#
#...............#####รท
#.....................
#....................#
#............##.##...P
#....[........#...#...


You could see a 13-headed hydra (slow).

Vanquished Creatures
  Harold (Lair:2)
  5 two-headed ogres
  4 spiny frogs (Lair:1)
  A gargoyle (D:10)
  A komodo dragon (Lair:2)
  2 trolls
  A hippogriff (D:8)
  Sigmund (D:3)
  3 yaks (Lair:1)
  4 hogs (D:7)
  A human (D:7)
  A hungry ghost (D:8)
  3 water moccasins (Lair:1)
  Duvessa (D:6)
  3 porcupines (Lair:1)
  4 ice beasts
  An eye of draining (D:10)
  4 orc warriors
  3 sky beasts
  2 phantoms
  6 ogres
  3 wolves (D:10)
  A centaur (D:8)
  3 crocodiles
  6 bullfrogs
  A water moccasin zombie (D:7)
  A wyvern skeleton (D:7)
  Dowan (D:6)
  2 scorpions
  5 wights (D:8)
  A howler monkey (D:7)
  2 electric eels (D:10)
  2 bullfrog zombies
  7 crimson imps
  12 hounds
  2 quasits (D:10)
  A bullfrog skeleton (D:4)
  6 orc priests
  Terence (D:3)
  2 iguanas
  7 orc wizards
  8 worker ants
  2 hound skeletons
  A worker ant zombie (D:10)
  11 adders
  3 shadow imps
  An ooze (D:4)
  3 adder skeletons
  4 worms
  2 dart slugs
  5 leopard geckos
  27 orcs
  10 giant cockroaches
  7 goblins
  4 hobgoblins
  3 quokkas (D:9)
  2 ball pythons
  8 bats
  7 frilled lizards
  A jackal skeleton (D:4)
  7 kobolds
  A leopard gecko zombie (D:6)
  7 rats
242 creatures vanquished.

Vanquished Creatures (others)
  An adder (D:10)
  A fungus (Lair:1)
2 creatures vanquished.

Grand Total: 244 creatures vanquished

Notes
Turn   | Place    | Note
-------+----------+-------------------------------------------
     0 | D:1      | Exodus22XD the Demonspawn Gladiator began the quest for the
                  | Orb.
     0 | D:1      | Reached XP level 1. HP: 16/16 MP: 1/1
   234 | D:1      | Reached skill level 3 in Polearms
   245 | D:1      | Gained mutation: When hurt, damage is shared between your
                  | health and your magic reserves. [demonic ancestry]
   245 | D:1      | Reached XP level 2. HP: 22/22 MP: 2/2
   943 | D:2      | Noticed a moth of wrath
   956 | D:2      | Gained mutation: You regenerate magic rapidly. [demonic
                  | ancestry]
   956 | D:2      | Reached XP level 3. HP: 13/27 MP: 1/3
  1414 | D:2      | Found a glowing silver altar of Zin.
  1414 | D:2      | Noticed an angel
  1477 | D:2      | Reached XP level 4. HP: 15/34 MP: 2/4
  1889 | D:2      | Reached skill level 1 in Armour
  2049 | D:2      | Found a bloodstained altar of Trog.
  2712 | D:3      | Noticed Terence
  2724 | D:3      | Killed Terence
  2724 | D:3      | Reached skill level 4 in Polearms
  2724 | D:3      | Reached skill level 1 in Stealth
  2831 | D:3      | Found a shimmering altar of Xom.
  2897 | D:3      | Reached XP level 5. HP: 39/39 MP: 5/5
  3209 | D:3      | Noticed an ice beast
  3222 | D:3      | Killed an ice beast
  3222 | D:3      | Reached skill level 5 in Polearms
  3222 | D:3      | Gained mutation: You are immune to rotting. [demonic
                  | ancestry]
  3222 | D:3      | Reached XP level 6. HP: 47/47 MP: 6/6
  3742 | D:3      | Noticed Sigmund
  3746 | D:3      | Found a hide-covered altar of Uskayaw.
  3746 | D:3      | Found a stormy altar of Qazlal.
  3746 | D:3      | Found a sparkling altar of Nemelex Xobeh.
  3746 | D:3      | Found a snail-covered altar of Cheibriados.
  3762 | D:3      | Killed Sigmund
  3762 | D:3      | Reached XP level 7. HP: 32/52 MP: 4/7
  3769 | D:3      | Became a worshipper of Uskayaw the Reveler
  3890 | D:3      | Found a basalt altar of Yredelemnul.
  3901 | D:3      | Found a shadowy altar of Dithmenos.
  4081 | D:4      | Reached * piety under Uskayaw
  4194 | D:4      | Reached ** piety under Uskayaw
  4274 | D:4      | Reached skill level 6 in Polearms
  4477 | D:4      | Reached *** piety under Uskayaw
  5177 | D:5      | Entered Level 5 of the Dungeon
  5203 | D:5      | Gained mutation: You are partially covered in thin metallic
                  | scales. (AC +2) [demonic ancestry]
  5203 | D:5      | Reached XP level 8. HP: 50/60 MP: 6/8
  5260 | D:5      | Found a snail-covered altar of Cheibriados.
  5534 | D:5      | Found a staircase to the Ecumenical Temple.
  5600 | D:5      | Found a burning altar of Makhleb.
  5757 | D:5      | Reached skill level 7 in Polearms
  5940 | D:6      | Noticed Dowan
  5956 | D:6      | Noticed Duvessa
  5972 | D:6      | Killed Duvessa
  5977 | D:6      | Reached **** piety under Uskayaw
  5979 | D:6      | Killed Dowan
  6246 | D:6      | Found an ancient bone altar of Kikubaaqudgha.
  6270 | D:6      | Reached skill level 1 in Invocations
  6482 | D:6      | Found a blossoming altar of Fedhas.
  6854 | D:7      | Reached XP level 9. HP: 55/67 MP: 10/10
  6954 | D:7      | Reached skill level 8 in Polearms
  7120 | D:7      | Reached skill level 5 in Fighting
  7207 | D:7      | Reached ***** piety under Uskayaw
  7695 | D:8      | Found Xek Vix's Assorted Antiques.
  7700 | D:8      | Bought a scroll labeled RAREFAI LAUSAO for 33 gold pieces
  7700 | D:8      | Bought a scroll labeled OJOL OBIWKAFEUDGH for 33 gold
                  | pieces
  7840 | D:8      | Reached skill level 5 in Dodging
  7840 | D:8      | Reached skill level 5 in Invocations
  8019 | D:8      | Found a shattered altar of Ashenzari.
  8263 | D:8      | Reached skill level 5 in Armour
  8288 | D:8      | Reached skill level 9 in Polearms
  8875 | D:8      | Reached XP level 10. HP: 76/76 MP: 14/14
  9390 | D:9      | Noticed a two-headed ogre
  9390 | D:9      | Noticed a two-headed ogre
  9399 | D:9      | Killed a two-headed ogre
  9404 | D:9      | Killed a two-headed ogre
  9582 | D:9      | Found Nef Mia's Weapon Shoppe.
  9679 | D:9      | Found a staircase to the Orcish Mines.
  9723 | D:9      | Noticed a two-headed ogre
  9729 | D:9      | Killed a two-headed ogre
  9930 | D:9      | Reached skill level 10 in Polearms
 10439 | D:9      | Found Nubou's Antique Weapon Shoppe.
 10659 | D:9      | Found a blossoming altar of Fedhas.
 11111 | D:10     | Entered Level 10 of the Dungeon
 11144 | D:10     | Noticed a two-headed ogre
 11151 | D:10     | Killed a two-headed ogre
 11151 | D:10     | Reached XP level 11. HP: 72/83 MP: 12/16
 11262 | D:10     | Found a runed translucent gate.
 11262 | D:10     | Found a runed translucent gate.
 11262 | D:10     | Found a runed translucent gate.
 11263 | D:10     | Noticed brujo666's ghost (novice DsFi)
 11293 | D:10     | Noticed a two-headed ogre
 11304 | D:10     | Killed a two-headed ogre
 11693 | D:10     | Reached ****** piety under Uskayaw
 11892 | D:10     | Found a staircase to the Lair.
 12305 | Lair:1   | Entered Level 1 of the Lair of Beasts
 12471 | Lair:1   | Reached skill level 5 in Stealth
 12703 | Lair:1   | Reached skill level 11 in Polearms
 13847 | Lair:2   | Noticed Harold
 13861 | Lair:2   | Killed Harold
 13907 | Lair:1   | Noticed a five-headed hydra
 13924 | Lair:2   | HP: 4/84 [13-headed hydra (4)]
 13924 | Lair:2   | Slain by a 13-headed hydra

Illustrated notes

Levels and vault maps discovered:
D:1:      psy_arrival_dodecagon, layout_basic, minmay_misc_feat_tower
D:2:      layout_basic, tgw_trog, zin_angel, first_ration, nrook_loot_triangle,
          hangedman_feature_mirror
D:3:      layout_basic, led_xom_imps, minmay_overflow_temple_hex, uniq_sigmund,
          uniq_terence
D:4:      layout_loops_cross, serial_park_tiny_1
D:5:      layout_cave_pools, bloody_makhleb,
          minmay_temple_entry_statues_pillars, cheibrodos_worm_habitat
D:6:      layout_rooms, kiku_gazebo_garden_becter, fedhas_ov_isle_minmay,
          uniq_duvessa
D:7:      layout_basic, grunt_livestock
D:8:      layout_gridville, lemuel_doored_altar, serial_shops,
          nicolae_shop_waterfront, hangedman_decor_points, st_stairs_3,
          dk_vineyard_1, kennysheep_potato
D:9:      layout_rooms, nicolae_overflow_hidden_temple, orc_david_3,
          serial_shops, nicolae_shop_stone, minmay_quadrilaterals
D:10:     layout_loops_ring, erik_lair_island, gammafunk_ghost_spectres
Lair:1:   layout_hall_layers
Lair:2:   layout_long_grid, enter_volcano_2, minmay_shattered_shrine,
          uniq_harold

Skill      XL: |  1  2  3  4  5  6  7  8  9 10 11 |
---------------+----------------------------------+-----
Polearms       | 3 4 5 6 7 9 10 11 | 11.3
Dodging        | 3 4 5 |  5.5
Armour         | 1 2 3 4 5 6 |  6.8
Stealth        | 1 2 3 4 5 |  5.2
Fighting       | 3 4 5 6 7 |  7.6
Invocations    | 2 5 7 9 |  9.2
Throwing       | |  1.7

Action                   |  1- 3 |  4- 6 |  7- 9 | 10-12 || total
-------------------------+-------+-------+-------+-------++-------
Melee: Trident           |   132 |   243 |   584 |       ||   959
       Halberd           |       |       |    39 |   352 ||   391
Invok: Stomp             |       |       |     1 |       ||     1
       Line Pass         |       |       |       |     1 ||     1
  Use: Scroll            |       |     1 |     6 |     3 ||    10
       Potion            |       |       |     3 |       ||     3
 Stab: Sleeping          |     4 |     2 |       |     2 ||     8
       Distracted        |     1 |       |       |       ||     1
       Paralysed         |       |       |    12 |    23 ||    35
  Eat: Chunk             |     2 |     8 |    17 |    15 ||    42
       Ration            |       |       |       |     1 ||     1
Armor: Leather armour    |    41 |    18 |       |       ||    59
       Ring mail         |       |    55 |    50 |       ||   105
       Scale mail        |       |       |   207 |   107 ||   314
       Plate armour      |       |       |       |    43 ||    43
Dodge: Dodged            |    91 |   105 |   332 |   168 ||   696
